AoeStats
← CNZS_98T

Arabian Desert

510389130Analyzed
1v1 RM · 1d ago on Sep 30, 2026· 30m 19s· 2 players
Game mode
Random Map
Map size
Tiny (2 player)
Population
200
Speed
Normal
Resources
Standard
Victory
Conquest
Starting age
Dark Age
Ending age
Imperial Age
RankedLock teamsTeams togetherTeam positionsShared explorationLock speedFull tech treeHidden civsTurbo modeCheats
Victory
Defeat
🇦🇷 Saxons · Argentina
2510
+19
🇳🇱 Vietnamese · Netherlands
2566
-19
DS_Biry
6:26 Loom
8:44 Feudal Age
8:53 Man-at-Arms
14:15 Double-Bit Axe
16:05 Fletching
16:17 Town Watch
19:35 Padded Archer Armor
25:09 Castle Age
25:30 Gold Mining
26:29 Bow Saw
27:23 Scale Mail Armor
28:24 Squires
29:11 Town Patrol
29:46 Wheelbarrow
CNZS_98T
8:52 Feudal Age
8:17 Loom
9:30 Double-Bit Axe
16:58 Horse Collar
17:49 Fletching
20:24 Wheelbarrow
22:18 Scale Barding Armor
Connection lost

Rejoining the realm…

Still unreachable

The connection could not be restored.

Session expired

The server has moved on; the page needs a fresh start.